 Dungeon Crawl Stone Soup version 0.14.0-12-g87ee3b7 (webtiles) character file.

142 keeper the Skirmisher (level 5, 0/42 HPs)
             Began as a Formicid Abyssal Knight on Apr 17, 2014.
             Was a Priest of Lugonu.
             Slain by a gnoll
             ... wielding a +0,+1 spear of distortion
              (7 damage)
             ... on Level 2 of the Dungeon.
             The game lasted 00:06:05 (1644 turns).

keeper the Skirmisher (Formicid Abyssal Knight)     Turns: 1644, Time: 00:06:05

HP   0/42        AC  6     Str 17      XL: 5   Next:  4%
MP   6/10        EV 10     Int 12      God: Lugonu [***...]
Gold 41          SH  0     Dex 10      Spells:  0 memorised,  4 levels left

rFire  . . .     SeeInvis +     a - +1 falchion
rCold  . . .     Clarity  .     n - +0 ring mail
rNeg   . . .     Conserve .     (no shield)
rPois  .         rCorr    .     (helmet unavailable)
rElec  .         rRot     .     (no cloak)
SustAb . .       Spirit   .     i - +0 pair of gloves
rMut   .         Warding  .     (no boots)
Saprov . . .     Stasis   +     (no amulet)
MR     .....                    (no ring)
                                (no ring)

@: not resistant to hostile enchantments, extremely unstealthy
A: permanent stasis, dig shafts and tunnels, four strong arms, antennae 3
a: Dig, Shaft Self, Depart the Abyss, Bend Space, Banish, Renounce Religion


You were on level 2 of the Dungeon.
You worshipped Lugonu.
Lugonu was most pleased with you.
You were hungry.

You visited 1 branch of the dungeon, and saw 3 of its levels.
You visited the Abyss 1 time.

You collected 41 gold pieces.


Innate Abilities, Weirdness & Mutations

Your are under a permanent stasis effect.
You can dig through walls and to a lower floor.
Your four strong arms can wield two-handed weapons with a shield.
You have a pair of large antennae on your head (SInv).


   Skills:
 + Level 4.1 Fighting
 + Level 3.3 Long Blades
 - Level 2.1 Armour
 - Level 1.0 Dodging
 + Level 3.6 Invocations


You had 4 spell levels left.
You didn't know any spells.

Inventory:

Hand weapons
 a - a +1,+1 falchion (weapon)
Missiles
 o - 4 tomahawks of returning (quivered)
Armour
 i - a +0 pair of gloves (worn)
 n - a +0 ring mail (worn)
Comestibles
 c - 4 bread rations
 f - an apple
 g - 2 meat rations
 l - 2 chokos
Scrolls
 b - a scroll of random uselessness {unknown}
 d - 2 scrolls of magic mapping {unknown}
 e - a scroll of noise {unknown}
 h - a scroll of teleportation {unknown}
 k - 2 scrolls of fear {unknown}
 m - 3 scrolls of identify {unknown}
 r - a scroll of remove curse {unknown}
 t - a scroll of amnesia {unknown}
Jewellery
 p - an uncursed amulet of stasis {unknown}
 s - an uncursed ring of ice {unknown}
Potions
 j - a potion of brilliance
 q - a potion of confusion {!q}

Dungeon Overview and Level Annotations

Branches:
Dungeon (3/15)

Altars:
Yredelemnul

▒·▒▒▒▒▒▒▒ ▒·▒ ▒·······▒ ▒·▒▒▒▒▒
▒·▒▒▒▒▒·▒ ▒······ ▒▒·▒ ▒·▒
▒······
▒▒▒▒▒▒▒▒▒·P▒▒▒▒▒·▒▒▒▒▒▒··▒▒·▒
▒······P·♣·······g·········g·
▒·······PPP·P▒▒▒·▒▒▒▒▒▒··▒{··
▒······P♣♣♣gg▒ ▒·▒ ▒g·····
▒········♣♣·a▒▒▒▒▒▒▒▒▒▒··▒·▒▒
▒··········P·········>▒····▒▒
▒▒▒'▒▒▒·····P···▒··▒·····g·····
▒▒·····▒▒▒▒··P♣♣··············▒▒
·▒·······▒····♣♣♣PP····▒▒·▒····▒
·▒·······▒···P··♣♣P···[▒▒·▒▒▒▒·▒
·▒··[_···▒····P···········▒ ▒·▒
·▒·······▒···▒····▒·▒··▒▒·▒ ▒·▒
·▒·······▒▒▒▒▒▒▒▒▒▒·▒··▒▒·▒ ▒·▒


You could see 2 gnolls.


Message History

You are feeling hungry.
Found a potion of curing.
u - a potion of curing The gnoll shouts!
The gnoll is too close now for your liking.
The gnoll shouts!
The gnoll closely misses you.
The gnoll hits you with a spear of distortion.
Space warps horribly around you!
Ouch! That really hurt!
* * * LOW HITPOINT WARNING * * *
The gnoll hits you but does no damage.
You closely miss the gnoll.
The gnoll hits you with a spear of distortion.
* * * LOW HITPOINT WARNING * * *
Space bends around you.
* * * LOW HITPOINT WARNING * * *
The gnoll hits you with a club.
* * * LOW HITPOINT WARNING * * *
Drink which item? (? for menu, Esc to quit)
You feel better. The gnoll barely misses you.
Use which ability? (? or * to list)
Aim: a gnoll, wielding a spear of distortion The gnoll barely resists.
You feel somewhat more hungry. The gnoll hits you with a club.
* * * LOW HITPOINT WARNING * * *
The gnoll hits you with a spear of distortion.
* * * LOW HITPOINT WARNING * * *
Space bends around you.
You die...

Action                   |  1- 3 |  4- 6 || total
-------------------------+-------+-------++-------
Melee: Falchion          |    84 |    97 ||   181
Invok: Bend Space        |       |     1 ||     1
       Banish            |       |     1 ||     1
  Use: Potion            |       |     7 ||     7

Vault maps used:
D:1:      lightli_molten_gateway, patterned_corridor
D:2:      serial_forest, infiniplex_forest_lined_room_2,
          infiniplex_forest_straight_5, infiniplex_forest_lined_ring,
          infiniplex_forest_clump_double, infiniplex_forest_lined_room_3,
          infiniplex_forest_join, kennysheep_flooded_box
D:3:      supply_closet_lemuel

Notes
Turn   | Place    | Note
--------------------------------------------------------------
     0 | Abyss:1  | keeper, the Formicid Abyssal Knight, began the quest for the Orb.
     0 | Abyss:1  | Reached XP level 1. HP: 18/18 MP: 1/1
    50 | D:1      | Escaped the Abyss
    94 | D:1      | Reached skill level 1 in Dodging
   138 | D:1      | Reached XP level 2. HP: 16/24 MP: 3/3
   198 | D:1      | Acquired Lugonu's second power
   440 | D:1      | Reached XP level 3. HP: 26/29 MP: 5/5
   757 | D:2      | Reached skill level 3 in Invocations
   874 | D:2      | Reached XP level 4. HP: 35/37 MP: 8/8
   879 | D:2      | Acquired Lugonu's third power
   997 | D:2      | Reached skill level 4 in Fighting
  1059 | D:2      | Found a basalt altar of Yredelemnul.
  1091 | D:2      | Reached skill level 3 in Long Blades
  1191 | D:3      | HP: 2/37 [adder (3)]
  1403 | D:3      | Reached XP level 5. HP: 23/42 MP: 10/10
  1644 | D:2      | Slain by a gnoll

Vanquished Creatures
  5 adders
  A worm (D:3)
  5 bats
  7 hobgoblins
  6 jackals (D:2)
  A ball python (D:1)
  2 giant cockroaches
  3 giant newts
  9 goblins
  10 kobolds
  7 rats
56 creatures vanquished.
